 Dungeon Crawl Stone Soup version 0.31-a0-339-gda1cbd555d (webtiles) character file.

Game seed: 13758643453243753046

4849 Nattfarinn the Fighter (level 10, -5/103 HPs)
             Began as a Naga Shapeshifter on July 20, 2023.
             Was a Believer of Cheibriados.
             Slain by Gastronok (35 damage)
             ... on level 8 of the Dungeon.
             The game lasted 00:14:19 (8383 turns).

Nattfarinn the Fighter (Naga Shapeshifter)          Turns: 8383, Time: 00:14:19

Health: -5/103     AC:  8    Str: 33    XL:     10   Next: 49%
Magic:  10/10      EV:  9    Int: 19    God:    Cheibriados [**....]
Gold:   56         SH:  0    Dex: 17    Spells: 9/9 levels left

rFire   + . .        i - +8 war axe of the Butterfly {elec, rF+}
rCold   . . .        (no shield)
rNeg    . . .        s - +3 ring mail
rPois   +            (helmet currently unavailable)
rElec   .            (cloak currently unavailable)
rCorr   .            (gloves currently unavailable)
SInv    +            (no barding)
Will    +....        (no amulet)
Stlth   +            r - +6 ring of intelligence
HPRegen 0.37/turn    l - +6 ring of strength
MPRegen 0.12/turn

%: no passive effects
@: mighty, beast-form, very slow
A: beast (slay +5), AC +3, large, see invisible, deformed body, poison
resistance, slowness 2, spit poison 1, naga tail 1
a: Spit Poison, Begin Untransformation, Renounce Religion, Bend Time


You were on level 8 of the Dungeon.
You worshipped Cheibriados.
Cheibriados was pleased with you.
You were a hulking beast.
You visited 2 branches of the dungeon, and saw 9 of its levels.

You collected 348 gold pieces.
You spent 292 gold pieces at shops.

Inventory:

Hand Weapons
 i - the +8 war axe of the Butterfly (weapon) {elec, rF+}
   (You found it on level 2 of the Dungeon)

   rF:        It protects you from fire.
Armour
 a - a +0 animal skin
 b - a +2 pair of gloves of dexterity
 s - a +3 ring mail (worn)
 B - +0 acid dragon scales
 E - +0 steam dragon scales
Jewellery
 l - a +6 ring of strength (right hand)
 r - a +6 ring of intelligence (left hand)
Talismans
 c - a beast talisman
 t - a blade talisman
Wands
 m - a wand of polymorph (8)
 p - a wand of mindburst (12)
 q - a wand of paralysis (11)
 H - a wand of light (12)
Scrolls
 e - 3 scrolls of amnesia
 f - 3 scrolls of immolation
 g - a scroll of enchant armour
 n - 2 scrolls of poison
 o - 2 scrolls of revelation
 y - 2 scrolls of vulnerability
 A - a scroll of fog
 F - a scroll of teleportation
 G - a scroll of silence
 I - a scroll of fear {unknown}
Potions
 d - 3 potions of curing
 j - a potion of resistance
 k - 4 potions of mutation
 u - a potion of degeneration
 w - a potion of enlightenment
 x - a potion of magic
 z - a potion of berserk rage
 C - a potion of haste
 D - a potion of attraction {unknown}


   Skills:
 + Level 10.3 Fighting
 - Level 7.4 Axes
 - Level 1.5 Dodging
 - Level 3.7 Unarmed Combat
 - Level 7.3 Shapeshifting


You had 9 spell levels left.
You didn't know any spells.
Your spell library contained the following spells:

 Spells                   Type           Power      Damage    Failure   Level
 Freeze                   Ice            0%         1d3       28%         1
 Scorch                   Fire           0%         2d5       41%         2
 Frozen Ramparts          Ice            0%         1d1       65%         3
 Hailstorm                Conj/Ice       0%         3d3       65%         3
 Flame Wave               Conj/Fire      0%         2d4       96%         4
 Summon Cactus Giant      Summ           0%         N/A       100%        6


Dungeon Overview and Level Annotations

Branches:
Dungeon (8/15)             Temple (1/1) D:7            Lair (0/5) D:8

Altars:
Ashenzari
Cheibriados
Dithmenos
Elyvilon
Fedhas
Gozag
Kikubaaqudgha
Makhleb
Nemelex Xobeh
Okawaru
Qazlal
Ru
Sif Muna
Trog
Uskayaw
Wu Jian
Xom
Yredelemnul
Zin
The Shining One

Shops:
D:7 ?

Annotations:
D:3 1 runed translucent door, Crazy Yiuf
D:8 exclusions: oklob plant and oklob sapling, Gastronok


Innate Abilities, Weirdness & Mutations

You are a hulking beast.
Your limbs bulge with bestial killing power. (Slay +5)
Your serpentine skin is tough. (AC +3)
You have supernaturally acute eyesight. (SInv)
Armour fits poorly on your strangely shaped body.
Your system is resistant to poisons. (rPois)
You cover ground very slowly.
You can spit poison.
You have a snake-like lower body.


Message History

The white imp gestures at you. The puff of frost hits you.
The white imp barely misses you.
Items here: (( ))) †.
You slice the white imp!!
Lightning courses through the white imp!
You kill the white imp!
Cheibriados appreciates the change of pace.
Gastronok the Ponderous comes into view.
He is wearing a +1 hat of see invisible.
Gastronok gurgles horribly!
Gastronok bites you!!
You slice Gastronok!!
Gastronok is lightly wounded.
You slice Gastronok!! Lightning courses through Gastronok!!
Gastronok is moderately wounded.
Gastronok bites you!
You are too injured to fight recklessly!
You are too injured to fight recklessly!
You are too injured to fight recklessly!
You are too injured to fight recklessly!
You slash Gastronok!
Gastronok is heavily wounded.
A kobold comes into view. It is wielding a +0 whip.
You slice Gastronok!!
Gastronok is severely wounded.
Gastronok waves his eye-stalks in wide circles.
The air twists around and strikes you!!
* * * LOW HITPOINT WARNING * * *
You feel very mighty all of a sudden.
You are mighty.
You are a hulking beast.
Your movement speed is very slow.
Your attack delay is about 1.1.
Your damage rating with the +8 war axe of the Butterfly {elec, rF+} is about 36 (Base 11 x 157% (Str) x 133% (Skill) + 13 (Ench + Slay)).
Your base attributes are Str 22, Int 8, Dex 12.
Unknown command.
You slice Gastronok!!
Gastronok is severely wounded.
You wobble.
You slash Gastronok! Lightning courses through Gastronok!
Gastronok is almost dead.
Gastronok bites you!!
You die...

.. ## ..
.# #.
.## # #.
.. #.
.#.##
#.##...#
#.w..#.#
#h...#
###)##
#.# #.#
#.# #.#
# #.# .
##
####.# .
..#
#....#


You could see Gastronok.

Vanquished Creatures
  Pikel (D:8)
  A komodo dragon (D:8)
  Sigmund (D:2)
  Grum (D:8)
  2 steam dragons
  Menkaure (D:4)
  An acid dragon (D:8)
  A water moccasin (D:7)
  3 ice beasts
  3 sky beasts
  3 ogres
  2 wolves (D:8)
  A centaur (D:6)
  A lemure (D:8)
  3 kobold brigands
  Blork the orc (D:4)
  A bullfrog (D:8)
  4 scorpions
  A gnoll sergeant (D:7)
  5 wights (D:8)
  6 killer bees (D:8)
  A howler monkey (D:8)
  2 gnoll boudas
  8 hounds
  An orc priest (D:6)
  2 sleepcaps (D:5)
  2 jellies
  Jessica (D:3)
  3 iguanas
  Ijyb (D:4)
  Terence (D:3)
  2 orc wizards
  7 adders
  16 gnolls
  4 white imps
  3 worms
  2 dart slugs (D:2)
  13 orcs
  5 endoplasms
  4 giant cockroaches
  13 goblins
  6 hobgoblins
  4 jackals (D:8)
  4 quokkas
  9 ball pythons
  6 bats
  4 frilled lizards
  15 kobolds
  7 rats
189 creatures vanquished.

Notes
Turn   | Place    | Note
-------+----------+-------------------------------------------
     0 | D:1      | Nattfarinn the Naga Shapeshifter began the quest for the
                  | Orb.
     0 | D:1      | Reached XP level 1. HP: 18/18 MP: 1/1
    38 | D:1      | Reached XP level 2. HP: 15/25 MP: 2/2
   280 | D:1      | Reached XP level 3. HP: 31/31 MP: 3/3
   427 | D:1      | Found a faded altar of an unknown god.
   856 | D:2      | Identified the +8 war axe of the Butterfly {elec, rF+}
  1031 | D:2      | Noticed Sigmund
  1047 | D:2      | Killed Sigmund
  1048 | D:2      | Reached XP level 4. HP: 33/38 MP: 4/4
  1048 | D:2      | Reached XP level 5. HP: 38/44 MP: 5/5
  1252 | D:2      | Reached XP level 6. HP: 51/51 MP: 6/6
  1508 | D:3      | Noticed Terence
  1842 | D:3      | Noticed Jessica
  1843 | D:3      | Killed Jessica
  1871 | D:3      | Killed Terence
  2027 | D:3      | Reached skill level 5 in Shapeshifting
  2093 | D:3      | Found a hide-covered altar of Uskayaw.
  2095 | D:3      | Found a basalt altar of Yredelemnul.
  2336 | D:3      | Found a runed translucent door.
  2337 | D:3      | Noticed Crazy Yiuf
  2369 | D:3      | Found a glowing silver altar of Zin.
  2372 | D:3      | Found a bloodstained altar of Trog.
  2481 | D:4      | Noticed Ijyb
  2483 | D:4      | Noticed Blork the orc
  2489 | D:4      | Killed Blork the orc
  2490 | D:4      | Reached XP level 7. HP: 23/57 MP: 7/7
  2490 | D:4      | Killed Ijyb
  2782 | D:4      | Noticed Menkaure
  2785 | D:4      | Killed Menkaure
  2786 | D:4      | Reached skill level 5 in Axes
  3088 | D:4      | Reached XP level 8. HP: 53/64 MP: 8/8
  3298 | D:4      | Found a burning altar of Makhleb.
  3532 | D:5      | Entered Level 5 of the Dungeon
  4355 | D:5      | Found an ornate altar of the Wu Jian Council.
  4355 | D:5      | Found a shimmering blue altar of Sif Muna.
  4796 | D:6      | Reached XP level 9. HP: 70/70 MP: 9/9
  4886 | D:6      | Reached skill level 2 in Fighting
  5036 | D:6      | Reached skill level 3 in Fighting
  5265 | D:6      | Identified the +9 sling of Compound Interest {heavy, Str+5
                  | Stlth+}
  5282 | D:6      | Reached skill level 4 in Fighting
  5777 | D:7      | Found a staircase to the Ecumenical Temple.
  5806 | Temple   | Entered the Ecumenical Temple
  5824 | Temple   | Became a worshipper of Cheibriados the Contemplative
  5866 | D:7      | Reached skill level 5 in Fighting
  6153 | D:7      | Found Amimeth's Magic Scroll Shoppe.
  6160 | D:7      | Bought a scroll of teleportation for 39 gold pieces
  6160 | D:7      | Bought a scroll of silence for 123 gold pieces
  6160 | D:7      | Bought a scroll of poison for 52 gold pieces
  6160 | D:7      | Bought a scroll of identify for 26 gold pieces
  6160 | D:7      | Bought a scroll of immolation for 52 gold pieces
  6549 | D:7      | Reached skill level 6 in Fighting
  6596 | D:7      | Reached * piety under Cheibriados
  6961 | D:8      | Noticed Pikel
  6973 | D:8      | Killed Pikel
  6974 | D:8      | Reached skill level 8 in Fighting
  6974 | D:8      | Reached XP level 10. HP: 70/96 MP: 10/10
  7062 | D:8      | Found a staircase to the Lair.
  7312 | D:8      | Reached skill level 9 in Fighting
  7713 | D:8      | Found an iron altar of Okawaru.
  7722 | D:8      | Noticed Grum
  7724 | D:8      | Reached ** piety under Cheibriados
  7732 | D:8      | Reached skill level 10 in Fighting
  7736 | D:8      | Killed Grum
  7970 | D:8      | Noticed an oklob plant
  8247 | D:8      | Found a shimmering altar of Xom.
  8374 | D:8      | Noticed Gastronok
  8383 | D:8      | Slain by Gastronok

Illustrated notes

Levels and vault maps discovered:
D:1:      dpeg_arrival_radiant, layout_rooms, ebering_ecumenical_altar_box
D:2:      layout_basic, uniq_sigmund
D:3:      kennysheep_the_goblin_king, layout_basic,
          nicolae_overflow_hidden_temple, uniq_crazy_yiuf_cottage, uniq_terence,
          uniq_jessica
D:4:      layout_rooms, lemuel_round_altar, uniq_ijyb, uniq_menkaure,
          uniq_blork_the_orc
D:5:      layout_loops_ring, gammafunk_temple_overflow_elements
D:6:      layout_loops_corners
D:7:      layout_rooms, minmay_temple_entry_wispy, serial_shops, kennysheep_mini
D:8:      minmay_the_grid_triangle_9x9_rhombus_thin
          [minmay_the_grid_triangle_9x9_corruption,
          minmay_the_grid_triangle_9x9_prize_insulated,
          minmay_the_grid_triangle_9x9_empty,
          minmay_the_grid_triangle_9x9_descending_squares], layout_loops_cross,
          mainiacjoe_overflow_catwalk, xom_teletrap_fun, david_lair_shrubbed,
          introduction_to_nature_2, uniq_grum, uniq_gastronok, uniq_pikel
Temple:   jpeg_temple_clearing

Skill      XL: |  1  2  3  4  5  6  7  8  9 10 |
---------------+-------------------------------+-----
Axes           | 2 3 4 5 7 |  7.4
Shapeshifting  | 4 5 6 7 |  7.3
Fighting       | 8 10 | 10.3
Dodging        | |  1.5
Unarmed Combat | |  3.7

Action                     |  1- 3 |  4- 6 |  7- 9 | 10-12 || total
---------------------------+-------+-------+-------+-------++-------
  Melee: Unarmed           |    62 |       |       |       ||    62
         Punch             |     3 |     2 |     3 |     2 ||    10
         War axe           |    20 |    52 |   163 |    80 ||   315
Ability: Spit Poison       |     5 |     2 |     2 |       ||     9
    Use: Potion            |     4 |       |       |     4 ||     8
         Scroll            |       |       |    11 |     4 ||    15
   Stab: Sleeping          |     1 |     2 |       |       ||     3
 Armour: Skin              |    31 |       |       |       ||    31
         Animal skin       |    13 |    10 |     2 |       ||    25
         Ring mail         |       |       |    63 |    37 ||   100
  Dodge: Dodged            |    36 |    20 |    93 |    41 ||   190

Table legend: (Time is in decaauts)
 A = Elapsed time spent in this place.
 B = Non-inter-level travel time spent in this place.
 C = Inter-level travel time spent in this place.
 D = Time resting spent in this place.
 E = Time spent auto-exploring this place.
 F = Levels seen in this place.
 G = Mean time per level.
                   A        B        C        D        E       F      G
               +--------+--------+--------+--------+--------+-----+--------+
         Total |  10893 |   9985 |    908 |   1273 |   7482 |   9 | 1210.3 |
       Dungeon |  10845 |   9979 |    866 |   1273 |   7478 |   8 | 1355.6 |
        Temple |     47 |      5 |     42 |      0 |      4 |   1 |   47.0 |
               +--------+--------+--------+--------+--------+-----+--------+

Top non-repeatable levels by time:
     D:8: 1802 daAuts
     D:7: 1666 daAuts
     D:4: 1656 daAuts
     D:6: 1539 daAuts
     D:3: 1190 daAuts
     D:2: 1127 daAuts
     D:5: 1030 daAuts
     D:1: 831 daAuts
  Temple: 47 daAuts
